 Dungeon Crawl Stone Soup version 0.24-a0-317-g5cb8de4 (webtiles) character file.

Game seed: 18104067695216119645

982 MisterFreud the Changer (level 7, -4/52 HPs)
             Began as a Grey Draconian Transmuter on May 16, 2019.
             Was a Follower of Ru.
             Killed from afar by a gnoll (17 damage)
             ... with an iceblast
             ... on level 5 of the Dungeon.
             The game lasted 00:10:38 (4815 turns).

MisterFreud the Changer (Grey Draconian Transmuter) Turns: 4815, Time: 00:10:38

Health: -4/52      AC: 11    Str: 13    XL:     7   Next: 96%
Magic:  8/13       EV: 12    Int: 15    God:    Ru [*.....]
Gold:   209        SH:  0    Dex: 11    Spells: 3/14 levels left

rFire    . . .     SeeInvis .     - Unarmed
rCold    . . .     Gourm    .   (no shield)
rNeg     . . .     Faith    .   (armour unavailable)
rPois    .         Spirit   .   (helmet restricted)
rElec    .         Reflect  .   (no cloak)
rCorr    .         Harm     .   (no gloves)
MR       .....                  (no boots)
Stlth    +.........             (no amulet)
HPRegen  0.17/turn              (no ring)
MPRegen  0.13/turn              (no ring)

@: no status effects
A: walk through water, unfitting armour, unbreathing, cold-blooded, hated by
all, AC +11
a: Renounce Religion


You were on level 5 of the Dungeon.
You worshipped Ru.
Ru was aware of your devotion.
You were hungry.

You visited 1 branch of the dungeon, and saw 5 of its levels.

You collected 209 gold pieces.

Inventory:

Missiles
 a - 74 arrows
 d - 79 stones (quivered)
 e - 75 sling bullets
 g - 9 boomerangs
 h - 7 poisoned darts
 n - a throwing net
 o - 83 bolts
 r - 8 atropa-tipped darts
Wands
 b - a wand of flame (10)
 t - a wand of paralysis (9)
Scrolls
 j - 2 scrolls of remove curse
 k - a scroll of fear
Potions
 f - a potion of agility
 l - a potion of berserk rage
 m - 2 potions of curing
 p - 2 potions of haste
 q - a potion of cancellation {unknown}
 s - a potion of flight {unknown}
Comestibles
 c - 8 rations
 i - 2 chunks of flesh


   Skills:
 - Level 1.1 Fighting
 - Level 1.7 Dodging
 - Level 6.1 Unarmed Combat
 + Level 4.2 Spellcasting
 * Level 6.4 Transmutations


You had 3 spell levels left.
You knew the following spells:

 Your Spells              Type           Power        Failure   Level  Hunger
a - Beastly Appendage     Tmut           ###...       1%          1    None
b - Sticks to Snakes      Tmut           ###.....     1%          2    ##.....
c - Spider Form           Tmut/Pois      ##........   14%         3    ###....
d - Blade Hands           Tmut           ###.......   34%         5    ######.

Your spell library contained the following spells:

 Spells                   Type           Power        Failure   Level  Hunger
 Confusing Touch          Hex            #.....       19%         1    None
 Confuse                  Hex            #.......     47%         3    ###....
 Gell's Gravitas          Tloc           #.........   47%         3    ###....
 Ice Form                 Ice/Tmut       ##......     43%         4    ####...
 Petrify                  Tmut/Erth      ##......     43%         4    ####...
 Yara's Violent Unravell  Hex/Tmut       ##........   78%         5    ######.
 Metabolic Englaciation   Hex/Ice        #.........   99%         5    ######.


Dungeon Overview and Level Annotations

Branches:
Dungeon (5/15)             Temple (0/1) D:4

Altars:
Fedhas
Ru
Uskayaw
Wu Jian
Xom
Yredelemnul
The Shining One


Innate Abilities, Weirdness & Mutations

You can walk through water.
Your dull iron-grey scales are very hard. (AC +11)
You cannot fit into any form of body armour.
You can survive without breathing.
You are cold-blooded and may be slowed by cold attacks.
You are hated by all.


Message History

The sky beast completely misses you.
You hit the sky beast but do no damage.
The sky beast looks as sick as possible!
The sky beast is moderately wounded.
The sky beast hits you. The sky beast shocks you.
* * * LOW HITPOINT WARNING * * *
You hit the sky beast.
The sky beast looks as sick as possible!
The sky beast is heavily wounded.
Found a stone staircase leading down.
The sky beast flickers out of sight!
Deactivating autopickup; reactivate with Ctrl-A.
Found 9 gold pieces.
A sky beast appears from thin air!
Reactivating autopickup.
Found a stone staircase leading up.
Your transformation has ended.
You kill the sky beast!
The gnoll zaps a wand.
The mass of ice explodes!
The iceblast engulfs you!
You die...

.......
.....#............##
..##.#.............##
..##.#........#.....
...#..............###
.......)......#..>..##
.....#........#....$.#
##...#..............#
###..)....g.....@..#
.##..##.................
.....###............<.##
...#####.....##........#
....##.......#.........%
.#....[##...........#...
.#.....#....#####....#.#
....#.......# ..#.###
#...##.#.....


You could see a gnoll.

Vanquished Creatures
  Sigmund (D:4)
  2 sky beasts (D:5)
  A phantom (D:5)
  3 crimson imps (D:5)
  2 orc priests
  A centaur skeleton (D:4)
  Jessica (D:2)
  An iguana (D:4)
  2 orc wizards (D:4)
  2 worker ants (D:4)
  A hound zombie (D:5)
  2 worker ant zombies (D:5)
  2 gnolls (D:5)
  3 adders
  An ooze (D:3)
  2 adder zombies (D:5)
  4 adder skeletons
  5 worms
  A dart slug (D:4)
  A leopard gecko (D:5)
  13 orcs
  A ball python (D:5)
  5 bats
  8 giant cockroaches
  7 hobgoblins
  3 jackals (D:1)
  2 quokkas
  7 frilled lizards
  A giant cockroach zombie (D:5)
  10 goblins
  2 kobolds (D:1)
  A quokka skeleton (D:5)
  5 rats
103 creatures vanquished.

Vanquished Creatures (collateral kills)
  2 adders (D:2)
2 creatures vanquished.

Vanquished Creatures (others)
  5 dream sheep (D:5)
  A centaur skeleton (D:5)
6 creatures vanquished.

Grand Total: 111 creatures vanquished

Notes
Turn   | Place    | Note
-------+----------+-------------------------------------------
     0 | D:1      | MisterFreud the Draconian Transmuter began the quest for
                  | the Orb.
     0 | D:1      | Reached XP level 1. HP: 16/16 MP: 3/3
   325 | D:1      | Reached XP level 2. HP: 21/23 MP: 3/5
   513 | D:1      | Learned a level 2 spell: Sticks to Snakes
   898 | D:2      | Found a sacrificial altar of Ru.
   917 | D:2      | Reached XP level 3. HP: 28/28 MP: 4/6
   946 | D:2      | Became a worshipper of Ru the Awakened
  1205 | D:2      | Noticed Jessica
  1209 | D:2      | Killed Jessica
  1209 | D:2      | Reached XP level 4. HP: 27/35 MP: 6/8
  1769 | D:3      | Learned a level 3 spell: Spider Form
  1771 | D:3      | Found a blossoming altar of Fedhas.
  2026 | D:3      | Found a basalt altar of Yredelemnul.
  2111 | D:3      | Found an ornate altar of the Wu Jian Council.
  2400 | D:4      | Found a glowing golden altar of the Shining One.
  2410 | D:4      | Reached XP level 5. HP: 20/40 MP: 3/9
  2595 | D:4      | Gained mutation: You are hated by all. [Ru sacrifice]
  2595 | D:4      | Reached * piety under Ru
  2640 | D:4      | Found a staircase to the Ecumenical Temple.
  2698 | D:4      | Reached skill level 5 in Transmutations
  2787 | D:4      | Noticed Sigmund
  2802 | D:4      | Killed Sigmund
  2802 | D:4      | Reached XP level 6. HP: 47/47 MP: 8/11
  2871 | D:4      | Noticed a +0 dagger
  2872 | D:4      | Noticed a +0 hand axe
  2875 | D:4      | Found a hide-covered altar of Uskayaw.
  3438 | D:5      | Entered Level 5 of the Dungeon
  3745 | D:4      | Your scales start taking on a dull iron-grey colour.
  3745 | D:4      | Reached XP level 7. HP: 13/52 MP: 10/13
  3745 | D:4      | Gained mutation: You can survive without breathing. [Grey
                  | Draconian growth]
  4323 | D:5      | Reached skill level 5 in Unarmed Combat
  4687 | D:5      | Learned a level 5 spell: Blade Hands
  4725 | D:5      | Noticed a dream sheep
  4725 | D:5      | Noticed a dream sheep
  4725 | D:5      | Noticed a dream sheep
  4725 | D:5      | Noticed a dream sheep
  4725 | D:5      | Noticed a dream sheep
  4725 | D:5      | Found a shimmering altar of Xom.
  4731 | D:5      | Killed a dream sheep
  4731 | D:5      | Killed a dream sheep
  4731 | D:5      | Killed a dream sheep
  4731 | D:5      | Killed a dream sheep
  4731 | D:5      | Killed a dream sheep
  4815 | D:5      | Killed from afar by a gnoll

Levels and vault maps discovered:
D:1:      evilmike_arrival_plus, layout_loops_ring, minmay_misc_feat_encased,
          minmay_misc_feat_ornament
D:2:      layout_loops_cross, old_standard_altar, minmay_statues_item,
          uniq_jessica
D:3:      layout_loops_ring, lemuel_round_altar, nicolae_overflow_hidden_temple,
          yredelemnul_altar_generic, first_ration
D:4:      minmay_diamond_boxcup, layout_loops_cross, dancing_weapons_uskayaw,
          overflow_temple_1_default, temple_pool_b, uniq_sigmund
D:5:      layout_cave_pools, kb_xom_exploding_sheep, serial_undead,
          serial_undead_f, serial_undead_e, serial_undead_d, serial_undead_f,
          minmay_puff

Skill      XL: |  1  2  3  4  5  6  7 |
---------------+----------------------+-----
Transmutations | 3 4 5 6 |  6.4
Spellcasting   | 3 4 |  4.2
Unarmed Combat | 4 6 |  6.1
Fighting       | |  1.1
Dodging        | |  1.7

Action                   |  1- 3 |  4- 6 |  7- 9 || total
-------------------------+-------+-------+-------++-------
Melee: Unarmed           |   117 |   173 |   121 ||   411
       Punch             |     2 |       |     1 ||     3
       Tailslap          |     9 |    12 |     2 ||    23
       Headbutt          |     4 |     7 |       ||    11
       Kick              |     3 |       |       ||     3
 Cast: Beastly Appendage |    11 |     7 |       ||    18
       Sticks to Snakes  |     2 |     2 |       ||     4
       Spider Form       |       |    11 |    13 ||    24
Invok: Sacrifice Love    |       |     1 |       ||     1
  Use: Potion            |     5 |       |       ||     5
       Scroll            |       |     6 |     1 ||     7
 Stab: Distracted        |     1 |       |       ||     1
       Sleeping          |       |     2 |       ||     2
  Eat: Chunk             |     1 |    10 |     1 ||    12
       Ration            |       |       |     1 ||     1
Armor: Skin              |    39 |    33 |    22 ||    94
Dodge: Dodged            |    54 |    87 |   111 ||   252

Table legend:
 A = Non-vault XP
 B = Vault XP
 C = Vault XP percentage of total XP
 D = Non-vault monster count
 E = Vault monster count
 F = Vault count percentage of total count
                 A         B        C        D         E       F
            +---------+---------+-------+---------+---------+-------
      Total |     859 |     545 |  38.8 |      87 |      18 |  17.1
            +---------+---------+-------+---------+---------+-------
        D:1 |      38 |       0 |   0.0 |      24 |       0 |   0.0
        D:2 |      74 |      37 |  33.3 |      18 |       1 |   5.3
        D:3 |      37 |       0 |   0.0 |      11 |       0 |   0.0
        D:4 |     272 |     257 |  48.6 |      20 |       5 |  20.0
        D:5 |     438 |     251 |  36.4 |      14 |      12 |  46.2
            +---------+---------+-------+---------+---------+-------
